 Dungeon Crawl Stone Soup version 0.25.0-10-g039870ee82 (webtiles) character file.

Game seed: 3494537354870740235

315692 Esekla the Fencer (level 21, -1/162 HPs)
             Began as a Barachi Wizard on June 22, 2020.
             Was the Champion of Qazlal.
             Slain by a two-headed ogre
             ... wielding a +0 giant spiked club
              (48 damage)
             ... on level 4 of the Vaults on June 23, 2020.
             The game lasted 09:49:31 (50533 turns).

Esekla the Fencer (Barachi Wizard)                 Turns: 50533, Time: 09:49:32

Health: -1/162     AC: 30    Str: 11    XL:     21   Next: 38%
Magic:  34/39      EV: 24    Int: 28    God:    Qazlal [******]
Gold:   2366       SH: 20    Dex: 21    Spells: 4/48 levels left

rFire    . . .     SeeInvis .   x - +4 long sword (vamp)
rCold    + . .     Gourm    .   V - +3 buckler {reflect}
rNeg     + + +     Faith    .   y - +4 troll leather armour
rPois    .         Spirit   .   n - +2 helmet "Pyufet" {rC+ rN+}
rElec    +         Reflect  +   I - +0 cloak "Paxkucho" {Regen+ rCorr Dex+4}
rCorr    +         Harm     .   W - +2 pair of gloves {archery}
MR       +....                  R - +0 pair of boots
Stlth    +.........             h - amulet of magic regeneration
HPRegen  1.17/turn              G - ring "Lojen Vaunn" {rElec rN++ Dex+6 Slay+4}
MPRegen  0.51/turn              (no ring)

@: icy armour, protected from physical damage, slowed, studying 2 skills, repel
missiles, very slow
A: +LOS, swims, clever 2, slowness 1, weak 1, strong legs 2
}: 2/15 runes: barnacled, gossamer
a: Hop, Upheaval, Elemental Force, Disaster Area, Renounce Religion


You were on level 4 of the Vaults.
You worshipped Qazlal.
Qazlal was exalted by your worship.
You were hungry.

You visited 11 branches of the dungeon, and saw 40 of its levels.
You visited 1 bazaar.
You also visited: Volcano.

You collected 7486 gold pieces.
You spent 5120 gold pieces at shops.

Inventory:

Hand Weapons
 a - the +11 whip of Yrchoump {vamp, rPois rF++ Str+2 Int+2 Stlth-}
   (You found it on level 10 of the Dungeon)

   It inflicts no extra harm, but heals its wielder when it wounds a living foe.
   It affects your strength (+2).
   It affects your intelligence (+2).
   It greatly protects you from fire.
   It protects you from poison.
   It makes you less stealthy.
 e - a +3 long sword of electrocution
 f - a +7 long sword of flaming
 v - a +2 demon trident of freezing
 x - a +4 vampiric long sword (weapon)
Missiles
 p - 36 silver javelins
 t - 6 silver boomerangs (quivered)
 E - 62 poisoned darts
Armour
 n - the +2 helmet "Pyufet" (worn) {rC+ rN+}
   (You found it on level 13 of the Dungeon)

   It protects you from cold.
   It protects you from negative energy.
 y - a +4 troll leather armour (worn)
 I - the +0 cloak "Paxkucho" (worn) {Regen+ rCorr Dex+4}
   (You bought it in a shop on level 2 of the Orcish Mines)

   It affects your dexterity (+4).
   It increases your rate of regeneration.
   It provides partial protection from all sources of acid and corrosion.
 R - a +0 pair of boots (worn)
 V - a +3 buckler of reflection (worn)
 W - a +2 pair of gloves of archery (worn)
Jewellery
 h - an amulet of magic regeneration (around neck)
 o - the ring "Fiugin" {MR+ Dex+5 SInv}
   (You found it on level 4 of the Lair of Beasts)

   [ring of see invisible]

   It affects your dexterity (+5).
   It affects your resistance to hostile enchantments.
   It lets you see invisible.
 G - the ring "Lojen Vaunn" (left hand) {rElec rN++ Dex+6 Slay+4}
   (You found it on level 13 of the Dungeon)

   [ring of slaying]

   It affects your dexterity (+6).
   It affects your accuracy and damage with ranged weapons and melee attacks
   (+4).
   It insulates you from electricity.
   It greatly protects you from negative energy.
 Q - the ring "Racw" {Fire rPois}
   (You found it on level 15 of the Dungeon)

   [ring of fire]

   It enhances your fire magic.
   It protects you from fire.
   It makes you vulnerable to cold.
   It protects you from poison.
 X - the ring of Crawling {AC+4 Str+2 Int+3 Dex-3 Stlth+}
   (You acquired it on level 3 of the Shoals)

   [ring of protection]

   It affects your AC (+4).
   It affects your strength (+2).
   It affects your intelligence (+3).
   It affects your dexterity (-3).
   It makes you more stealthy.
 Y - an uncursed ring of protection from cold
Wands
 k - a wand of flame (62)
 z - a wand of acid (26)
 J - a wand of iceblast (36)
 N - a wand of paralysis (5)
 T - a wand of digging (25)
 U - a wand of disintegration (50)
Scrolls
 b - a scroll of silence
 r - 4 scrolls of magic mapping
 u - 5 scrolls of fear
 A - 18 scrolls of remove curse
 B - 3 scrolls of identify
 C - 8 scrolls of teleportation
 H - a scroll of vulnerability
 M - 3 scrolls of fog
 S - 6 scrolls of blinking
Potions
 c - 7 potions of haste
 g - 4 potions of resistance
 i - 10 potions of brilliance
 j - 6 potions of curing
 m - 3 potions of heal wounds
 q - 8 potions of flight
 s - 2 potions of berserk rage
 w - 3 potions of invisibility
 F - a potion of might
 K - 10 potions of ambrosia
 L - 6 potions of cancellation
 Z - 2 potions of lignification
Books
 D - a manual of Long Blades
 O - a manual of Necromancy
Miscellaneous
 l - a tin of tremorstones (3/3)
 P - a lightning rod (4/4)
Comestibles
 d - 33 rations


   Skills:
 + Level 13.1 Fighting
   Level 2.4(10.3) Short Blades
 * Level 16.1(16.2) Long Blades
 - Level 13.2 Maces & Flails
 - Level 1.1 Polearms
 + Level 2.7 Throwing
 + Level 7.9 Armour
 + Level 14.0 Dodging
 - Level 1.7 Stealth
 + Level 14.3 Shields
 * Level 14.2 Spellcasting
 * Level 10.0 Conjurations
 + Level 10.0 Hexes
 + Level 4.6 Charms
 + Level 5.2 Summonings
 * Level 4.4 Necromancy
 + Level 3.9 Translocations
 + Level 5.5 Transmutations
 + Level 5.9 Fire Magic
 + Level 6.5 Ice Magic
 * Level 11.7 Air Magic
   Level 5.6 Earth Magic
 + Level 8.6 Poison Magic
 + Level 1.2 Evocations


You had 4 spell levels left.
You knew the following spells:

 Your Spells              Type           Power        Failure   Level  Hunger
a - Apportation           Tloc           #####.       1%          1    None
b - Blink                 Tloc           N/A          1%          2    None
c - Mephitic Cloud        Conj/Pois/Air  ######..     1%          3    None
e - Conjure Ball Lightni  Conj/Air       ######....   6%          6    ####...
f - Conjure Flame         Conj/Fire      ######..     1%          3    None
g - Lightning Bolt        Conj/Air       ######....   1%          5    #......
l - Silence               Hex/Air        ######....   1%          5    #......
n - Ignite Poison         Fire/Tmut/Pois ######..     1%          3    None
r - Frozen Ramparts       Ice            ######       1%          3    None
s - Summon Lightning Spi  Summ/Air       ######..     1%          4    None
u - Dispel Undead         Necr           #####...     5%          4    None
v - Poisonous Vapours     Pois/Air       ######       1%          2    None
z - Ozocubu's Armour      Chrm/Ice       ######..     1%          3    None

Your spell library contained the following spells:

 Spells                   Type           Power        Failure   Level  Hunger
 Animate Skeleton         Necr           N/A          1%          1    None
 Corona                   Hex            ######.      1%          1    None
 Freeze                   Ice            ####         1%          1    None
 Magic Dart               Conj           ####         1%          1    None
 Sandblast                Erth           ######       1%          1    None
 Summon Small Mammal      Summ           ####         1%          1    None
 Call Imp                 Summ           #####...     1%          2    None
 Corpse Rot               Necr/Air       N/A          1%          2    None
 Ensorcelled Hibernation  Hex/Ice        ######       1%          2    None
 Passwall                 Tmut/Erth      ######..     1%          2    None
 Shroud of Golubria       Chrm/Tloc      #####.       1%          2    None
 Slow                     Hex            ######..     1%          2    None
 Sublimation of Blood     Necr           #####.....   1%          2    None
 Confusing Touch          Hex            ######..     1%          3    None
 Gell's Gravitas          Tloc           #####.....   1%          3    None
 Inner Flame              Hex/Fire       ######..     1%          3    None
 Lesser Beckoning         Tloc           #####.....   1%          3    None
 Portal Projectile        Hex/Tloc       ######       1%          3    None
 Static Discharge         Conj/Air       ######..     1%          3    None
 Stone Arrow              Conj/Erth      ######       1%          3    None
 Teleport Other           Tloc           #####...     1%          3    None
 Cause Fear               Hex            ######....   1%          4    None
 Hailstorm                Conj/Ice       ######..     1%          4    None
 Leda's Liquefaction      Hex/Erth       ######....   1%          4    None
 Petrify                  Tmut/Erth      ######..     3%          4    None
 Summon Ice Beast         Ice/Summ       ######..     3%          4    None
 Passage of Golubria      Tloc           N/A          7%          4    None
 Fireball                 Conj/Fire      ######....   3%          5    #......
 Metabolic Englaciation   Hex/Ice        ######....   3%          5    #......
 Yara's Violent Unravell  Hex/Tmut       ######....   3%          5    #......
 Alistair's Intoxication  Tmut/Pois      ######..     4%          5    #......
 Bolt of Magma            Conj/Fire/Erth ######....   4%          5    #......
 Darkness                 Hex            ######....   9%          6    ####...
 Lee's Rapid Deconstruct  Erth           ######....   10%         5    #......
 Borgnjor's Vile Clutch   Necr/Erth      #####.....   12%         5    #......
 Agony                    Necr           #####...     14%         5    #......
 Excruciating Wounds      Chrm/Necr      #####.....   14%         5    #......
 Summon Forest            Summ/Tloc      #####.....   14%         5    #......
 Starburst                Conj/Fire      ######....   19%         6    ####...
 Iron Shot                Conj/Erth      ######....   21%         6    ####...
 Eringya's Noxious Bog    Tmut/Pois      ######....   28%         6    ####...
 Ozocubu's Refrigeration  Ice            ######....   34%         6    ####...
 Hydra Form               Tmut           ######....   45%         6    ####...
 Statue Form              Tmut/Erth      ######...    45%         6    ####...
 Shadow Creatures         Summ           N/A          52%         6    ####...
 Ring of Flames           Chrm/Fire      #####.....   97%         7    ######.
 Summon Hydra             Summ           #####.....   97%         7    ######.
 Discord                  Hex            ######....   98%         8    #######
 Ignition                 Fire           ######....   100%        8    #######
 Shatter                  Erth           ######....   100%        9    #######


Dungeon Overview and Level Annotations

Branches:
Dungeon (15/15)            Temple (1/1) D:5            Lair (6/6) D:10
 Shoals (4/4) Lair:3       Spider (4/4) Lair:3        Slime (1/5) Lair:5
    Orc (2/2) D:9             Elf (1/3) Orc:2        Vaults (4/5) D:14
  Crypt (1/3) Vaults:3     Depths (1/5) D:15        Volcano (visited)

Altars:
Ashenzari
Cheibriados
Dithmenos
Elyvilon
Fedhas
Gozag
Hepliaklqana
Kikubaaqudgha
Makhleb
Nemelex Xobeh
Okawaru
Qazlal
Ru
Sif Muna
Trog
Uskayaw
Vehumet
Wu Jian
Xom
Yredelemnul
Zin
The Shining One
Beogh

Shops:
D:6 [   D:7 }   D:8 [   D:10 *   D:11 (   D:12 *   D:15 [   Orc:2 [*:(
Shoals:4 *

Annotations:
Lair:4 exclusion: 4 oklob plants
Spider:2 3 runed translucent doors, iishen's ghost, adept CeHu
Depths:1 Mara


Innate Abilities, Weirdness & Mutations

You can be seen from farther away. (+LOS)
You can swim through water.
You cover ground slowly.
You can hop long distances.
Your mind is very acute. (Int +4)
You are weak. (Str -2)


Message History

The freezing wraith completely misses you.
You riposte.
You barely miss the freezing wraith.
The freezing wraith is almost destroyed.
The freezing wraith misses you. You block the orc warrior's attack.
You hit the two-headed ogre.
You feel better.
The two-headed ogre is severely wounded.
You block the two-headed ogre's attack. The two-headed ogre closely misses you.
The freezing wraith hits you but does no damage.
The freezing wraith misses you.
The orc warrior is engulfed in freezing vapours.
You kill the orc warrior!
Qazlal accepts your kill.
You slash the two-headed ogre!
You feel better.
The two-headed ogre is severely wounded.
The freezing wraith completely misses you.
The freezing wraith barely misses you.
You barely miss the two-headed ogre.
The two-headed ogre is severely wounded.
The two-headed ogre hits you with a +0 giant spiked club!!!
You die...

#''#########'####
...#...#.......#
..#..#.....#.#
#...#..#....#
#...#..##..(#
#...#..#).#....#
#.. #o(°)°○.(#.#
#. #...#O)W.=..#
# #...#.@..(..#
.p#..#.°.§...#
#...#.#.#°....#
..#....#....#..#
#.......#...##[.#
.#...####....#..#
.#. #.#.....#
#.......#
##+#'####


You could see a two-headed ogre (strong) and a freezing wraith.

Vanquished Creatures
  Frederick (Vaults:3)
  Nikola (Vaults:2)
  Arachne (Spider:3)
  A tentacled monstrosity (Vaults:3)
  2 liches (D:13)
  The ghost of tilp the Executioner, an adept MiBe of Trog (Shoals:4)
  A sphinx (Vaults:2)
  Gastronok (Lair:1)
  A tengu reaver (Vaults:3)
  Roxanne (Spider:3)
  A storm dragon (Vaults:2)
  A frost giant (D:15)
  12 vault wardens
  3 ghost moths (Spider:4)
  A ghoul (Vaults:4)
  An orc warlord (Orc:2)
  4 emperor scorpions (Spider:4)
  7 ironheart preservers
  A stone giant (Vaults:2)
  4 entropy weavers
  The ghost of Kite the Severer, a journeyman MiBe of Trog (D:13)
  Nessos (Orc:2)
  3 deep elf demonologists
  2 vampire knights (Vaults:3)
  A spark wasp (Spider:4)
  A red draconian (Volcano)
  9 merfolk impalers
  3 merfolk javelineers (Shoals:4)
  6 yaktaur captains
  2 fire dragons
  A rakshasa (Vaults:1)
  Fannar (Lair:2)
  11 vault guards
  7 hydras
  2 ice dragons
  3 catoblepae
  10 centaur warriors
  Erica (D:11)
  An alligator snapping turtle (Shoals:1)
  2 death knights
  8 merfolk aquamancers
  5 two-headed ogres
  2 merfolk avatars
  2 ogre magi
  4 death scarabs (Spider:4)
  3 satyrs
  2 dancing weapons
  2 orc high priests (Orc:2)
  10 deep elf knights
  A shadow wraith (Vaults:4)
  Nergalle (D:11)
  A spectral emperor scorpion (Spider:4)
  15 skeletal warriors
  13 sea snakes
  A glowing orange brain (Vaults:4)
  3 unseen horrors
  An obsidian statue (Shoals:4)
  2 phantasmal warriors (Vaults:3)
  5 wizards
  3 spectral wolf spiders (Spider:4)
  8 deep elf archers
  13 orc knights
  4 lindwurms (Lair:6)
  A flayed ghost (Vaults:3)
  45 harpies
  11 ugly things
  Pikel (D:8)
  12 orb spiders
  25 wolf spiders
  14 ironbrand convokers
  A necromancer (Vaults:1)
  3 wolf spider zombies (Spider:4)
  35 deep elf magi
  5 orc sorcerers (Orc:2)
  18 fauns
  2 tengu skeletons (Vaults:3)
  2 sphinx skeletons (Vaults:3)
  16 manticores
  A human zombie (Vaults:1)
  10 cyclopes
  4 centaur zombies
  A frost giant skeleton (Vaults:3)
  2 moths of wrath (Spider:4)
  21 merfolk sirens
  A fire giant skeleton (Vaults:3)
  6 black mambas
  13 vault sentinels
  16 elephants
  Psyche (D:8)
  An ice statue (D:15)
  9 water nymphs
  6 torpor snails (Lair:6)
  6 spiny frogs
  6 spectral redbacks (Spider:4)
  5 gargoyles
  A yaktaur zombie (Vaults:1)
  6 komodo dragons
  20 yaktaurs
  18 demonic crawlers
  3 kobold demonologists (D:11)
  6 freezing wraiths
  4 rime drakes
  A yaktaur skeleton (Vaults:3)
  A yaktaur (shapeshifter) (Vaults:4)
  4 human skeletons
  30 jumping spiders
  3 meliai (D:14)
  4 trolls
  3 spectral jumping spiders (Spider:4)
  3 tyrant leeches (Lair:6)
  30 merfolk
  5 wind drakes
  A wind drake (shapeshifter) (Vaults:1)
  21 hornets
  2 spectral tarantellas (Spider:4)
  16 dream sheep
  3 polar bears
  16 slime creatures
  Prince Ribbit (D:7)
  14 hippogriffs
  8 blink frogs
  A tarantella zombie (Spider:4)
  2 jumping spider zombies (Spider:4)
  7 snapping turtles
  A shadow (D:14)
  13 water elementals
  A spriggan (shapeshifter) (Vaults:4)
  34 tarantellas
  59 redbacks
  An ettin skeleton (Vaults:3)
  An air elemental (Elf:1)
  5 humans
  23 yaks
  3 basilisks
  A wyvern (D:14)
  A fire elemental (Orc:2)
  5 vampire mosquitoes
  9 fire bats
  A steam dragon (D:11)
  A yak (shapeshifter) (D:14)
  Grum (D:8)
  A human simulacrum (Vaults:2)
  3 hungry ghosts
  Menkaure (D:7)
  A soldier ant (shapeshifter) (Vaults:4)
  An ogre skeleton (Vaults:1)
  3 wargs
  An acid dragon (D:15)
  Duvessa (D:6)
  6 porcupines
  5 water moccasins
  A swamp drake (D:9)
  4 slaves
  6 necrophages
  6 ice beasts
  42 orc warriors
  A phantom (D:8)
  4 sky beasts
  A black bear (D:13)
  An eye of draining (D:15)
  2 boggarts (shapeshifter)
  An eye of draining (shapeshifter) (Vaults:4)
  9 boggarts
  10 ogres
  18 centaurs
  5 wolves
  An elf skeleton (Vaults:3)
  10 crocodiles
  3 big kobolds
  27 bullfrogs
  An earth elemental (Orc:2)
  Dowan (D:6)
  A wyvern skeleton (D:13)
  A wyvern zombie (D:13)
  5 scorpions
  13 killer bees
  13 wights
  3 howler monkeys
  An electric eel (Lair:1)
  6 crimson imps
  5 lava snakes (Volcano)
  2 bullfrog zombies
  9 hounds
  A quasit (D:11)
  6 jellies
  Crazy Yiuf (D:8)
  A bullfrog skeleton (D:7)
  4 centaur skeletons
  10 orc priests
  2 iguanas
  24 orc wizards
  9 worker ants
  A hound skeleton (D:4)
  2 howler monkey zombies
  4 gnolls (D:3)
  2 howler monkey skeletons
  12 adders
  5 shadow imps
  12 white imps (Lair:1)
  An ooze (D:4)
  An adder skeleton (D:3)
  3 worms
  2 dart slugs
  5 leopard geckos
  74 orcs
  3 ball pythons (D:1)
  7 bats
  5 giant cockroaches
  3 hobgoblins
  10 jackals
  2 quokkas
  4 frilled lizards
  5 goblins
  18 kobolds
  A leopard gecko skeleton (D:6)
  A quokka skeleton (D:7)
  14 rats
  4 plants
1412 creatures vanquished.

Vanquished Creatures (collateral kills)
  2 liches (D:13)
  A merfolk javelineer (Shoals:2)
  A merfolk avatar (Shoals:4)
  4 death scarabs (Spider:4)
  A merfolk (Shoals:2)
  A spectral hornet (Spider:4)
10 creatures vanquished.

Vanquished Creatures (others)
  Asterion (Vaults:3)
  A merfolk aquamancer (Shoals:4)
  3 deep elf knights
  A deep elf mage (D:12)
  A manticore (Shoals:4)
  7 ball lightnings (Shoals:4)
  A komodo dragon (Lair:3)
  A snapping turtle (Shoals:2)
  11 fungi
  15 plants
42 creatures vanquished.

Grand Total: 1464 creatures vanquished

Notes
Turn   | Place    | Note
-------+----------+-------------------------------------------
     0 | D:1      | Esekla the Barachi Wizard began the quest for the Orb.
     0 | D:1      | Reached XP level 1. HP: 13/13 MP: 4/4
   315 | D:1      | Reached XP level 2. HP: 19/19 MP: 1/6
   364 | D:1      | Learned a level 2 spell: Blink
   692 | D:2      | Reached XP level 3. HP: 15/25 MP: 5/8
  1015 | D:2      | Found an ornate altar of the Wu Jian Council.
  1185 | D:3      | Found a bloodstained altar of Trog.
  1258 | D:3      | Reached skill level 1 in Fighting
  1258 | D:3      | Reached XP level 4. HP: 24/32 MP: 6/10
  1263 | D:3      | Learned a level 3 spell: Mephitic Cloud
  1267 | D:3      | Learned a level 3 spell: Conjure Flame
  1891 | D:4      | Noticed an ogre
  1925 | D:5      | Entered Level 5 of the Dungeon
  2013 | D:5      | Reached XP level 5. HP: 37/37 MP: 7/12
  2483 | D:4      | Reached skill level 1 in Poison Magic
  2799 | D:5      | Found an opulent altar of Gozag.
  2965 | D:5      | Reached skill level 1 in Short Blades
  2965 | D:5      | Reached skill level 1 in Air Magic
  3309 | D:5      | Found a staircase to the Ecumenical Temple.
  3325 | D:5      | Learned a level 1 spell: Apportation
  3327 | Temple   | Entered the Ecumenical Temple
  3347 | Temple   | Became a worshipper of Qazlal Stormbringer
  3529 | D:4      | Reached skill level 1 in Armour
  3529 | D:4      | Reached XP level 6. HP: 43/44 MP: 6/13
  4093 | D:2      | Reached skill level 5 in Spellcasting
  4297 | D:2      | Found a faded altar of an unknown god.
  4836 | D:3      | Reached * piety under Qazlal
  4874 | D:3      | Noticed a moth of wrath
  4876 | D:3      | Found a bloodstained altar of Trog.
  5679 | D:4      | Found a hide-covered altar of Uskayaw.
  5968 | D:4      | Reached skill level 1 in Long Blades
  5968 | D:4      | Reached XP level 7. HP: 43/51 MP: 11/14
  6396 | D:4      | Reached skill level 1 in Fire Magic
  6482 | D:5      | Reached skill level 2 in Long Blades
  6681 | D:6      | Reached skill level 3 in Long Blades
  6727 | D:6      | Reached ** piety under Qazlal
  6872 | D:6      | Noticed Duvessa
  6876 | D:6      | Noticed Dowan
  7157 | D:6      | Killed Duvessa
  7157 | D:6      | Reached XP level 8. HP: 55/57 MP: 6/15
  7166 | D:6      | Killed Dowan
  7452 | D:6      | Noticed a two-headed ogre
  7538 | D:6      | Found a sparkling altar of Nemelex Xobeh.
  7565 | D:6      | Found Cujec's Antique Armour Shop.
  7634 | D:7      | Noticed Menkaure
  7752 | D:7      | Reached skill level 4 in Long Blades
  7864 | D:7      | Killed Menkaure
  7987 | D:6      | Killed a two-headed ogre
  7987 | D:6      | Reached skill level 5 in Long Blades
  7987 | D:6      | Reached skill level 5 in Dodging
  7987 | D:6      | Reached XP level 9. HP: 63/65 MP: 12/17
  8180 | D:6      | Bought a runed robe for 111 gold pieces
  8180 | D:6      | Bought a runed robe for 111 gold pieces
  8484 | D:7      | Reached skill level 6 in Long Blades
  8951 | D:8      | Noticed Pikel
  9015 | D:7      | Noticed Prince Ribbit
  9046 | D:7      | Found Tiuzxej's Gadget Boutique.
  9157 | D:7      | Killed Prince Ribbit
  9377 | D:7      | Got a jewelled cloak
  9441 | D:7      | Identified the cursed +0 cloak of Miyss {-Tele rElec Str+2}
                  | (You found it on level 7 of the Dungeon)
  9636 | D:7      | Reached skill level 7 in Long Blades
 10065 | D:7      | Found a runed translucent door.
 10065 | D:7      | Noticed Crazy Yiuf
 10219 | D:8      | Noticed Grum
 10238 | D:8      | Killed Grum
 10238 | D:8      | Reached skill level 5 in Fighting
 10238 | D:8      | Reached XP level 10. HP: 28/74 MP: 15/19
 10264 | D:8      | Noticed Psyche
 10317 | D:8      | Killed Psyche
 10317 | D:8      | Reached *** piety under Qazlal
 10323 | D:8      | Killed Pikel
 10323 | D:8      | Reached skill level 5 in Conjurations
 10691 | D:8      | Killed Crazy Yiuf
 10691 | D:8      | Reached skill level 8 in Long Blades
 10701 | D:8      | Found a shattered altar of Ashenzari.
 10797 | D:8      | Found Hiyledop's Armour Shoppe.
 10875 | D:8      | Reached skill level 1 in Throwing
 11089 | D:8      | Found a burning altar of Makhleb.
 11089 | D:8      | Found a shimmering blue altar of Sif Muna.
 11090 | D:8      | Found a shadowy altar of Dithmenos.
 11090 | D:8      | Found a sparkling altar of Nemelex Xobeh.
 11095 | D:8      | Found a shattered altar of Ashenzari.
 11095 | D:8      | Found a hazy altar of Hepliaklqana.
 11730 | D:9      | Reached skill level 5 in Air Magic
 11979 | D:9      | Found a staircase to the Orcish Mines.
 12011 | D:9      | Noticed a centaur warrior
 12037 | D:9      | Killed a centaur warrior
 12501 | D:9      | Reached XP level 11. HP: 64/81 MP: 21/21
 12987 | D:9      | Reached skill level 5 in Poison Magic
 12995 | D:9      | Reached **** piety under Qazlal
 13251 | D:10     | Entered Level 10 of the Dungeon
 13256 | D:10     | Got a pitted whip
 13300 | D:9      | Reached skill level 5 in Fire Magic
 13303 | D:9      | Identified the +11 whip of Yrchoump {vamp, rPois rF++ Str+2
                  | Int+2 Stlth-} (You found it on level 10 of the Dungeon)
 13560 | D:10     | Found a staircase to the Lair.
 13739 | D:10     | Reached skill level 1 in Maces & Flails
 13832 | D:10     | Reached skill level 1 in Polearms
 14242 | D:10     | Found Uciadefu's Assorted Antiques.
 14275 | D:10     | Bought a scroll labeled GAPIOHERGHIN for 27 gold pieces
 14275 | D:10     | Bought a runed falchion for 162 gold pieces
 14275 | D:10     | Bought a brown potion for 24 gold pieces
 14275 | D:10     | Bought a runed silver ring for 135 gold pieces
 14343 | Lair:1   | Entered Level 1 of the Lair of Beasts
 14698 | D:11     | Noticed a brown ugly thing
 14717 | D:11     | Killed a brown ugly thing
 14729 | D:11     | Noticed a centaur warrior
 14739 | D:11     | Killed a centaur warrior
 14739 | D:11     | Reached skill level 5 in Maces & Flails
 15090 | Lair:1   | Reached ***** piety under Qazlal
 15356 | Lair:1   | Noticed Gastronok
 16004 | Lair:2   | Noticed Fannar
 16285 | Lair:2   | Reached XP level 12. HP: 91/91 MP: 22/22
 16648 | Lair:2   | Killed Fannar
 16707 | Lair:2   | Learned a level 5 spell: Silence
 17135 | Lair:3   | Found a staircase to the Shoals.
 17161 | Lair:3   | Noticed a catoblepas
 17188 | Lair:3   | Killed a catoblepas
 17289 | Lair:3   | Reached skill level 1 in Hexes
 17306 | Lair:3   | Found a dark tunnel.
 17330 | Volcano  | Entered a volcano
 17639 | Volcano  | Noticed a centaur warrior
 17640 | Volcano  | Found a bloodstained altar of Trog.
 17644 | Volcano  | Noticed a red draconian
 17654 | Volcano  | Killed a centaur warrior
 17695 | Volcano  | Killed a red draconian
 18059 | Lair:3   | Reached skill level 10 in Maces & Flails
 18297 | Lair:3   | Reached skill level 1 in Evocations
 18307 | Lair:3   | Found a hole to the Spider Nest.
 18913 | Shoals:1 | Entered Level 1 of the Shoals
 18913 | Shoals:1 | Found a runed translucent door.
 18913 | Shoals:1 | Noticed an alligator snapping turtle
 18913 | Shoals:1 | Noticed a merfolk impaler
 18973 | Spider:1 | Entered Level 1 of the Spider Nest
 19138 | Lair:4   | Gained mutation: You can hop long distances. [Barachi
                  | growth]
 19138 | Lair:4   | Reached XP level 13. HP: 98/98 MP: 25/25
 20082 | Lair:4   | Reached skill level 5 in Armour
 20727 | Lair:4   | Got a glittering steel ring
 20968 | Lair:4   | Identified the ring "Fiugin" {MR+ Dex+5 SInv} (You found it
                  | on level 4 of the Lair of Beasts)
 21091 | Lair:4   | Reached skill level 5 in Hexes
 21780 | Lair:5   | Found a staircase to the Slime Pits.
 22155 | Slime:1  | Entered Level 1 of the Pits of Slime
 22171 | Lair:6   | Entered Level 6 of the Lair of Beasts
 22544 | Lair:6   | Reached ****** piety under Qazlal
 22576 | Lair:6   | Found a runed translucent door.
 22576 | Lair:6   | Noticed an ice dragon
 22726 | Lair:6   | Reached skill level 10 in Dodging
 22779 | Lair:6   | Reached XP level 14. HP: 84/108 MP: 27/27
 23803 | Lair:3   | Got a transparent short sword
 23804 | Lair:3   | Identified the +7 short sword "Kilirr" {elec, Dex+5} (You
                  | found it on level 3 of the Lair of Beasts)
 24103 | Lair:6   | Learned a level 2 spell: Passwall
 24225 | Lair:6   | Identified the +8 scythe "Zoimuuke" {venom, rC+} (You found
                  | it on level 6 of the Lair of Beasts)
 24584 | Lair:1   | Killed Gastronok
 24584 | Lair:1   | Reached skill level 1 in Transmutations
 24584 | Lair:1   | Reached skill level 1 in Earth Magic
 24794 | D:11     | Found Hus Dyos's Antique Weapon Emporium.
 24803 | D:11     | Bought a fading broad axe for 207 gold pieces
 24812 | D:11     | Identified the +5 broad axe of Purpose {pain, Int+3} (You
                  | bought it in a shop on level 11 of the Dungeon)
 24926 | D:11     | Noticed Erica
 24940 | D:11     | Killed Erica
 25286 | D:11     | Noticed Nergalle
 25306 | D:11     | Killed Nergalle
 25581 | D:12     | Reached skill level 10 in Fighting
 25716 | D:12     | Reached skill level 10 in Spellcasting
 25731 | D:12     | Reached XP level 15. HP: 115/115 MP: 22/29
 26038 | D:12     | Found Meyguewo's General Store.
 26450 | D:12     | Got distressingly furry quicksilver dragon scales
 26461 | D:12     | Identified the quicksilver dragon scales "Ugrolom" {rElec
                  | MR+} (You found it on level 12 of the Dungeon)
 27055 | D:13     | Found a runed translucent gate.
 27087 | D:13     | Noticed a lich
 27087 | D:13     | Noticed a lich
 27088 | D:13     | Found an ancient bone altar of Kikubaaqudgha.
 27088 | D:13     | Noticed Kite's ghost (journeyman MiBe)
 27088 | D:13     | Noticed a lich
 27089 | D:13     | Noticed a lich
 27091 | D:13     | Found a runed translucent gate.
 27091 | D:13     | Found a runed translucent gate.
 27499 | D:13     | Gained mutation: Your spells are a little harder to cast,
                  | but a little more powerful. [potion of mutation]
 27499 | D:13     | Gained mutation: You have a pair of small horns on your
                  | head. [potion of mutation]
 27500 | D:13     | Lost mutation: Your spells are a little harder to cast, but
                  | a little more powerful. [potion of mutation]
 27500 | D:13     | Lost mutation: You have a pair of small horns on your head.
                  | [potion of mutation]
 27500 | D:13     | Gained mutation: Your body sometimes deteriorates upon
                  | taking damage. [potion of mutation]
 27500 | D:13     | Gained mutation: You are somewhat resistant to further
                  | mutation. [potion of mutation]
 27500 | D:13     | Gained mutation: You can translocate small distances at
                  | will. [potion of mutation]
 27501 | D:13     | Lost mutation: Your body sometimes deteriorates upon taking
                  | damage. [potion of mutation]
 27501 | D:13     | Lost mutation: You are somewhat resistant to further
                  | mutation. [potion of mutation]
 27501 | D:13     | Lost mutation: You can translocate small distances at will.
                  | [potion of mutation]
 27501 | D:13     | Gained mutation: Armour fits poorly on your strangely
                  | shaped body. [potion of mutation]
 27501 | D:13     | Gained mutation: You are surrounded by a mild repulsion
                  | field. (EV +2) [potion of mutation]
 28428 | D:14     | Found a gate to the Vaults.
 28570 | D:14     | Found a glowing golden altar of the Shining One.
 28774 | D:15     | Entered Level 15 of the Dungeon
 28774 | D:15     | Found Poblif's Armour Emporium.
 29125 | D:15     | Found a staircase to the Depths.
 29126 | D:15     | Noticed a frost giant
 29175 | D:15     | Killed a frost giant
 29499 | Depths:1 | Entered Level 1 of the Depths
 29504 | Depths:1 | Noticed Mara
 29506 | Depths:1 | Noticed Esekla's illusion
 29628 | D:15     | Found a sacrificial altar of Ru.
 30011 | D:15     | Bought a +2 pair of gloves of archery for 236 gold pieces
 30011 | D:15     | Bought a +0 buckler for 49 gold pieces
 30327 | D:15     | Got a glittering copper ring
 30328 | D:15     | Identified the ring "Racw" {Fire rPois} (You found it on
                  | level 15 of the Dungeon)
 30365 | D:15     | Learned a level 5 spell: Lee's Rapid Deconstruction
 30541 | Orc:1    | Entered Level 1 of the Orcish Mines
 30870 | Orc:2    | Entered Level 2 of the Orcish Mines
 31014 | Orc:2    | Noticed an orc warlord
 31018 | Orc:2    | Reached skill level 1 in Shields
 31021 | Orc:2    | Noticed Nessos
 31026 | Orc:2    | Found Guofed's General Store.
 31820 | Orc:2    | Killed Nessos
 31855 | Orc:2    | Killed an orc warlord
 31883 | Orc:2    | Reached XP level 16. HP: 78/125 MP: 24/30
 31951 | Orc:2    | Found a staircase to the Elven Halls.
 31959 | Orc:2    | Found a roughly hewn altar of Beogh.
 32049 | Orc:2    | Found Zuit's Antique Armour Boutique.
 32075 | Orc:2    | Found Uhuroas's Book Emporium.
 32177 | Orc:2    | Found Oruwnu's Antique Weapon Emporium.
 32503 | Orc:2    | Bought an ichor-stained cloak for 304 gold pieces
 32503 | Orc:2    | Bought a shiny buckler for 240 gold pieces
 32503 | Orc:2    | Identified the +0 cloak "Paxkucho" {Regen+ rCorr Dex+4}
                  | (You bought it in a shop on level 2 of the Orcish Mines)
 32525 | Orc:2    | Bought a distressingly furry ring mail for 288 gold pieces
 32526 | Orc:2    | Identified the +3 ring mail of Levity {Dex+3} (You bought
                  | it in a shop on level 2 of the Orcish Mines)
 32545 | Orc:2    | Bought the Disquisition on Gliding Venom for 730 gold
                  | pieces
 32548 | Orc:2    | Learned a level 2 spell: Poisonous Vapours
 32554 | Orc:2    | Learned a level 5 spell: Lightning Bolt
 32559 | Orc:2    | Learned a level 4 spell: Summon Lightning Spire
 32760 | D:14     | Lost mutation: Armour fits poorly on your strangely shaped
                  | body. [potion of mutation]
 32760 | D:14     | Lost mutation: You are surrounded by a mild repulsion
                  | field. (EV +2) [potion of mutation]
 32760 | D:14     | Gained mutation: Your mind is acute. (Int +2) [potion of
                  | mutation]
 32760 | D:14     | Gained mutation: You are weak. (Str -2) [potion of
                  | mutation]
 32760 | D:14     | Gained mutation: Your mind is very acute. (Int +4) [potion
                  | of mutation]
 32945 | Elf:1    | Entered Level 1 of the Elven Halls
 34176 | Shoals:1 | Reached skill level 5 in Earth Magic
 34387 | Shoals:1 | Reached skill level 5 in Shields
 35120 | Lair:1   | Learned a level 6 spell: Conjure Ball Lightning
 36052 | D:13     | Killed a lich
 36055 | D:13     | Killed a lich
 36057 | D:13     | Killed a lich
 36060 | D:13     | Killed a lich
 36060 | D:13     | Reached XP level 17. HP: 129/133 MP: 15/32
 36062 | D:13     | Killed Kite's ghost
 36075 | D:13     | Identified the +2 helmet "Pyufet" {rC+ rN+} (You found it
                  | on level 13 of the Dungeon)
 36102 | D:13     | Learned a level 3 spell: Ignite Poison
 36104 | D:13     | Identified the ring "Lojen Vaunn" {rElec rN++ Dex+6 Slay+4}
                  | (You found it on level 13 of the Dungeon)
 36363 | Orc:2    | Bought a scroll of enchant armour for 105 gold pieces
 36812 | Shoals:3 | Reached skill level 5 in Summonings
 36961 | Shoals:3 | Identified a scroll of acquirement
 37652 | Shoals:4 | Entered Level 4 of the Shoals
 37980 | Shoals:4 | Reached skill level 10 in Shields
 38511 | Shoals:4 | Found a runed translucent gate.
 38511 | Shoals:4 | Found a runed translucent gate.
 38511 | Shoals:4 | Found a runed translucent gate.
 38512 | Shoals:4 | Found an opulent altar of Gozag.
 38512 | Shoals:4 | Noticed tilp's ghost (adept MiBe)
 38513 | Shoals:4 | Found Daucekaxzau's Assorted Antiques.
 38540 | Shoals:4 | Reached XP level 18. HP: 140/140 MP: 33/33
 38710 | Shoals:4 | Got a barnacled rune of Zot
 39060 | Shoals:4 | Identified the Incunabulum of Cold and Intoxication
 39130 | Shoals:4 | Reached skill level 10 in Air Magic
 39486 | Orc:2    | Bought a manual of Long Blades for 1324 gold pieces
 39520 | Elf:1    | Reached skill level 9 in Long Blades
 39648 | Elf:1    | Noticed a Brimstone Fiend
 40213 | Elf:1    | Learned a level 3 spell: Frozen Ramparts
 40217 | Elf:1    | Got the ring of Crawling {AC+4 Str+2 Int+3 Dex-3 Stlth+}
 40370 | Lair:1   | Learned a level 3 spell: Ozocubu's Armour
 40518 | Shoals:4 | Killed tilp's ghost
 40518 | Shoals:4 | HP: 7/140 [ball lightning[the player character] (4)]
 40527 | Shoals:4 | Reached skill level 1 in Ice Magic
 40700 | Shoals:3 | Learned a level 5 spell: Lee's Rapid Deconstruction
 40784 | Shoals:4 | Bought a scroll labeled TEDIYTH REMOALE for 19 gold pieces
 40784 | Shoals:4 | Bought a cabochon ring for 95 gold pieces
 41014 | Lair:3   | Reached skill level 1 in Charms
 41261 | Spider:1 | Reached skill level 10 in Long Blades
 41929 | Spider:1 | Got a scorched long sword
 41930 | Spider:1 | Identified the +2 long sword "Ybydeat" {freeze, Str+7 Int+3
                  | Stlth+} (You found it on level 1 of the Spider Nest)
 41942 | Spider:1 | Got an ichor-stained robe
 41961 | Spider:1 | Identified the +1 robe of the Dice {rElec} (You found it on
                  | level 1 of the Spider Nest)
 42171 | Spider:2 | Found a runed translucent gate.
 42171 | Spider:2 | Found a runed translucent gate.
 42172 | Spider:2 | Found a runed translucent gate.
 42172 | Spider:2 | Noticed iishen's ghost (adept CeHu)
 43133 | Spider:3 | Noticed Arachne
 43148 | Spider:3 | Killed Arachne
 43279 | Spider:3 | Noticed Roxanne
 43285 | Spider:3 | Killed Roxanne
 43583 | Spider:4 | Entered Level 4 of the Spider Nest
 43638 | Spider:4 | Reached XP level 19. HP: 136/146 MP: 23/35
 43666 | Spider:4 | Reached skill level 11 in Long Blades
 43811 | Spider:4 | Reached skill level 5 in Ice Magic
 44398 | Spider:4 | Paralysed by a hornet for 3 turns
 44683 | Spider:4 | Reached skill level 12 in Long Blades
 44766 | Spider:4 | Reached skill level 5 in Transmutations
 45298 | Spider:4 | Got a gossamer rune of Zot
 45519 | Lair:1   | Learned a level 6 spell: Conjure Ball Lightning
 45656 | Vaults:1 | Entered Level 1 of the Vaults
 45821 | Vaults:1 | Reached skill level 13 in Long Blades
 46567 | Vaults:1 | Reached XP level 20. HP: 154/154 MP: 37/37
 47074 | Vaults:2 | Paralysed by a sphinx for 2 turns
 47094 | Vaults:2 | Reached skill level 14 in Long Blades
 47420 | Vaults:2 | Noticed Nikola
 47434 | Vaults:2 | Reached skill level 10 in Hexes
 47448 | Vaults:2 | Killed Nikola
 47659 | Vaults:2 | Reached skill level 15 in Long Blades
 48368 | Vaults:3 | Found a flickering gateway to a bazaar.
 48452 | Bazaar   | Entered a bazaar
 48456 | Bazaar   | Found Uqiyg's Book Boutique.
 48475 | Bazaar   | Found Wakhig's Assorted Antiques.
 48493 | Bazaar   | Found Zifoyhia's Weapon Boutique.
 48510 | Bazaar   | Found Hipn's Assorted Antiques.
 48548 | Bazaar   | Bought a scroll labeled CIJITUFAUR for 21 gold pieces
 48548 | Bazaar   | Bought a scroll of identify for 42 gold pieces
 48579 | Bazaar   | Bought a potion of heal wounds for 190 gold pieces
 48594 | Bazaar   | Bought a book of Death for 700 gold pieces
 48599 | Bazaar   | Learned a level 4 spell: Dispel Undead
 48957 | Vaults:3 | Identified the +9 battleaxe of the End of Times {venom, MR+
                  | Dex+8} (You found it on level 3 of the Vaults)
 48972 | Vaults:3 | Reached skill level 1 in Necromancy
 48996 | Vaults:3 | Noticed Frederick
 49037 | Vaults:3 | Killed Frederick
 49130 | Vaults:3 | Reached XP level 21. HP: 137/161 MP: 33/38
 49401 | Vaults:3 | Found a staircase to the Crypt.
 49414 | Crypt:1  | Entered Level 1 of the Crypt
 49551 | Vaults:3 | Noticed Asterion
 49561 | Vaults:3 | Killed Asterion
 49756 | Vaults:3 | You fall into a shaft and drop 1 floor!
 49986 | Vaults:4 | Reached skill level 16 in Long Blades
 50506 | Vaults:4 | Reached skill level 10 in Conjurations
 50533 | Vaults:4 | Slain by a two-headed ogre

Illustrated notes

Levels and vault maps discovered:
D:1:      wander_arrival_lonely_grave, layout_rooms, st_stairs_4,
          minmay_shallow_snake_nest
D:2:      layout_rooms, marbit_many_paths, chequers_ecumenical_altar_island
D:3:      layout_basic, overflow_temple_1_default, minmay_misc_feat_nine_boxes,
          tgw_trog
D:4:      layout_loops_ring, nicolae_overflow_crystal_walls, first_ration
D:5:      layout_cave_pods, nicolae_gozag_cash_rules_everything_around_me,
          minmay_temple_entry_offerings
D:6:      layout_rooms, serial_shops, shop, kennysheep_doodads,
          nemelex_diamond_rough_becter, uniq_duvessa
D:7:      layout_loops_corners, serial_shops, shop, minmay_ruffians,
          uniq_prince_ribbit1, uniq_menkaure, uniq_crazy_yiuf_cottage
D:8:      layout_gridville, minmay_overflow_temple_hex, basic_altar,
          serial_shops, nicolae_shop_statue_plus, uniq_psyche, uniq_grum,
          uniq_pikel
D:9:      layout_long_grid, erik_orc_1
D:10:     layout_roguey, david_lair_shrubbed, serial_shops, shop
D:11:     layout_irregular_city, serial_rivers, chequers_serial_rivers_small_a,
          chequers_serial_rivers_room_b, chequers_serial_rivers_large_a,
          chequers_serial_rivers_large_b, chequers_serial_rivers_room_b,
          serial_shops, shop_statue, uniq_nergalle, uniq_erica
D:12:     minmay_elf_outpost, layout_small_grid, serial_shops,
          nicolae_shop_temple_entry_statues_fountains, grunt_pizzeria,
          minmay_misc_feat_enclosed
D:13:     layout_roguey, gammafunk_ghost_crypt, kennysheep_generic_room_6
D:14:     layout_irregular_city, grunt_vaults_entry_fortified,
          skrybe_limestone_x, nicolae_tso_swordbearing_angel
D:15:     grunt_enter_depths_snipers, layout_long_grid, nicolae_ru_awakened_eye,
          serial_shops, shop, minivault_15
Temple:   minmay_temple_bridge_abc
Lair:1:   layout_gridlike, portal_ice_cave_entry_imps, beast_lair_carwin_10,
          serial_bayou_shore_a, uniq_gastronok
Lair:2:   layout_gridlike, roderic_carrion_pond, infiniplex_staircase_pool_2,
          uniq_fannar
Lair:3:   layout_regular_city, minmay_shoals_entry_lonely_mermaid,
          spider_nest_entry_funnel_web, nicolae_volcano_entry_batcave,
          grunt_megastairs_5
Lair:4:   layout_small_grid, minmay_lair_oklob_chamber
Lair:5:   layout_regular_city, minmay_slime_entry_pillars, lemuel_fruit_tree
Lair:6:   hangedman_lair_in_review, layout_regular_city, wormcave
Shoals:1: layout_shoals, lightli_airlock
Shoals:2: layout_shoals, nicolae_shoals_water_shrine
Shoals:3: layout_shoals, nicolae_shoals_stone_sculpture_thing,
          nicolae_shoals_arrival_archipelago
Shoals:4: shoals_end_simple, layout_shoals, ebering_ghost_gozag
Spider:1: cheibrodos_spider_silkery, drop_trap, hangedman_spider_trapstep
Spider:2: layout_spider_delve, ebering_ghost_rock_garden
Spider:3: layout_spider_delve, uniq_arachne, uniq_roxanne
Spider:4: floodkiller_spider_rune_tomb
Slime:1:  layout_caves
Orc:1:    layout_diamond_mine, statue_in_the_mist_lemuel
Orc:2:    grunt_orc_gardens, layout_diamond_mine, grunt_orc_garden,
          grunt_orc_garden, grunt_orc_garden, grunt_orc_garden, basic_altar,
          uniq_nessos
Elf:1:    layout_gridlike, minmay_elf_annihilation, drop_trap
Vaults:1: hangedman_vaults_stagger, v_misc_11, v_rooms_2,
          nicolae_vaults_twisting_passages, v_misc_12, v_misc_27,
          nicolae_vaults_angled_halls, nicolae_vaults_circle_grid_a,
          nicolae_vaults_specimen_jars, layout_vaults_omnicross
Vaults:2: v_misc_5, dpeg_vaults_monster_row, grunt_vaults_hallway_short,
          nicolae_vaults_circle_grid_a, nicolae_vaults_border_crossing,
          ontoclasm_vaults_ring_square, ontoclasm_vaults_shuriken,
          hangedman_vaults_trim, layout_vaults_chaotic_city, uniq_nikola
Vaults:3: v_misc_28, v_misc_3, v_misc_1, sword_in_stone,
          vaults_room_fancy_cross, layout_vaults_quadrants,
          minmay_crypt_entry_skeletal_spiral, serial_shops, bzr_in_the_mist
Vaults:4: nicolae_vaults_statue_guard, ontoclasm_vaults_loading_screen,
          vaults_standard_mumra_x, grunt_vaults_bifocal, vaults_room_pool,
          hangedman_vaults_stream, grunt_vaults_twisty, hangedman_vaults_nails,
          ontoclasm_vaults_pinch, nicolae_vaults_network_star,
          ontoclasm_vaults_spin, nicolae_vaults_little_squares_2, v_misc_14,
          vaults_room_pool, layout_vaults_maze_snakey
Crypt:1:  layout_gridlike, grunt_crypt_arrival_webbed, grunt_megastairs_4
Depths:1: layout_honeycomb, hell_entry, rand_demon_pan_entry_8,
          hangedman_abyss_or_decor_passed, hangedman_summoners_spam, uniq_mara

Skill      XL: |  1  2  3  4  5  6  7  8  9 10 11 12 13 14 15 16 17 18 19 20 21 |
---------------+----------------------------------------------------------------+-----
Spellcasting   | 4 5 6 7 8 9 10 11 12 13 14 | 14.2
Fighting       | 1 2 4 5 7 8 9 10 11 12 13 | 13.1
Conjurations   | 2 3 4 5 6 7 8 9 10 | 10.0
Poison Magic   | 1 2 3 4 5 6 7 8 |  8.6
Short Blades   | 1 2 |  2.4
Air Magic      | 1 2 3 4 5 6 7 8 9 10 11 | 11.7
Armour         | 1 2 3 4 5 6 7 |  7.9
Long Blades    | 1 3 5 7 8 10 13 15 16 | 16.1
Dodging        | 3 5 7 8 10 11 12 13 14 | 14.0
Fire Magic     | 1 3 4 5 |  5.9
Throwing       | 1 2 |  2.7
Maces & Flails | 7 10 12 13 | 13.2
Polearms       | 1 |  1.1
Translocations | 2 3 |  3.9
Hexes          | 4 5 7 8 9 10 | 10.0
Evocations     | 1 |  1.2
Transmutations | 2 4 5 |  5.5
Earth Magic    | 2 4 5 |  5.6
Shields        | 2 7 10 12 14 | 14.3
Summonings     | 4 5 |  5.2
Ice Magic      | 4 6 |  6.5
Charms         | 3 4 |  4.6
Necromancy     | 2 4 |  4.4
Stealth        | |  1.7

Action                   |  1- 3 |  4- 6 |  7- 9 | 10-12 | 13-15 | 16-18 | 19-21 || total
-------------------------+-------+-------+-------+-------+-------+-------+-------++-------
Melee: Unarmed           |     5 |       |       |       |       |       |       ||     5
       Spear             |     4 |       |       |    12 |       |       |       ||    16
       Short sword       |    25 |   264 |    24 |       |    15 |    11 |     8 ||   347
       Long sword        |       |    53 |   307 |   156 |    27 |   170 |   821 ||  1534
       Dagger            |       |       |    32 |    96 |       |       |       ||   128
       Whip              |       |       |       |   573 |  1720 |  1372 |   340 ||  4005
Throw: Dart              |       |    45 |    51 |    19 |    26 |    24 |    12 ||   177
       Boomerang         |       |     1 |    10 |     3 |     7 |     2 |     9 ||    32
 Cast: Magic Dart        |    51 |    69 |    14 |    20 |       |       |       ||   154
       Mephitic Cloud    |       |     7 |    11 |    39 |    74 |    71 |    65 ||   267
       Apportation       |       |     4 |     3 |     7 |    29 |     3 |     5 ||    51
       Blink             |       |       |     3 |     4 |     6 |     3 |     2 ||    18
       Conjure Flame     |       |       |     1 |     1 |       |       |       ||     2
       Silence           |       |       |       |       |     2 |       |       ||     2
       Summon Lightning  |       |       |       |       |       |     6 |     4 ||    10
       Lee's Rapid Decon |       |       |       |       |       |    12 |       ||    12
       Lightning Bolt    |       |       |       |       |       |     3 |     4 ||     7
       Poisonous Vapours |       |       |       |       |       |    45 |    19 ||    64
       Ignite Poison     |       |       |       |       |       |    41 |    44 ||    85
       Frozen Ramparts   |       |       |       |       |       |     6 |    20 ||    26
       Ozocubu's Armour  |       |       |       |       |       |     6 |     8 ||    14
       Conjure Ball Ligh |       |       |       |       |       |     3 |       ||     3
       Dispel Undead     |       |       |       |       |       |       |    12 ||    12
 Abil: Hop               |     1 |     6 |     4 |     4 |     3 |     2 |     1 ||    21
Evoke: Wand              |       |       |       |     7 |     1 |       |       ||     8
       Tin of tremorston |       |       |       |       |     2 |       |       ||     2
  Use: Scroll            |       |     6 |     6 |     8 |    19 |    21 |     6 ||    66
       Potion            |       |       |     1 |     2 |     8 |    11 |     5 ||    27
 Stab: Sleeping          |     2 |     2 |       |       |       |       |       ||     4
       Confused          |       |     5 |     8 |    20 |    78 |    44 |    16 ||   171
       Petrified         |       |       |       |     2 |       |       |       ||     2
       Distracted        |       |       |       |       |       |     1 |     4 ||     5
  Eat: Chunk             |     1 |    14 |    11 |    21 |    28 |    23 |    13 ||   111
       Ration            |       |     1 |     1 |     4 |     5 |     6 |     4 ||    21
Armor: Robe              |     7 |    15 |       |       |       |       |       ||    22
       Leather armour    |       |    61 |    98 |   183 |   129 |       |       ||   471
       Steam dragon scal |       |       |       |       |    27 |       |       ||    27
       Quicksilver drago |       |       |       |       |    86 |   168 |       ||   254
       Skin              |       |       |       |       |     6 |       |       ||     6
       Troll leather arm |       |       |       |       |       |   275 |   276 ||   551
Dodge: Dodged            |    35 |   198 |   226 |   379 |   713 |  1343 |   794 ||  3688
       Repelled          |       |       |       |    12 |    30 |    41 |    13 ||    96
Block: Other             |    12 |    40 |   114 |   395 |   728 |    18 |       ||  1307
       Reflection        |     1 |     1 |     5 |    20 |    57 |    92 |    43 ||   219
       Buckler           |       |       |       |       |       |  1763 |  1271 ||  3034
       Rpst.: Long sword |       |     7 |    59 |    31 |     2 |    34 |   123 ||   256
